 Dungeon Crawl Stone Soup version 0.31-a0-210-gccc998df9b (webtiles) character file.

Game seed: 15911438469385555192

267568 Midn8 the Brawler (level 20, -11/193 HPs)
             Began as a Hill Orc Transmuter on June 29, 2023.
             Was a Believer of Uskayaw.
             Mangled by a vault warden
             ... wielding a +1 vampiric war axe
              (33 damage)
             ... on level 1 of the Vaults on June 30, 2023.
             The game lasted 02:31:14 (47496 turns).

Midn8 the Brawler (Hill Orc Transmuter)            Turns: 47496, Time: 02:31:14

Health: -11/193    AC: 31    Str: 28    XL:     20   Next: 13%
Magic:  24/32      EV:  9    Int: 16    God:    Uskayaw [**....]
Gold:   195        SH: 11    Dex: 11    Spells: 21/22 levels left

rFire   . .          .
                       - Unarmed
rCold   . . .        F - +0 kite shield {reflect}
rNeg    . . .        P - +3 plate armour {Will+}
rPois   +            t - +2 helmet {Int+3}
rElec   .            H - +0 cloak
rCorr   .            D - +1 pair of gloves
SInv    .            r - +2 pair of boots
Will    +++..        U - amulet of faith Stlth
                     C - +6 ring of strength
HPRegen 0.52/turn    u - ring "Qimutuoj" {rPois Will+}
MPRegen 0.23/turn

%: reflection, faith
@: studying Stealth
A: no striking features
}: 2/15 runes: serpentine, barnacled
a: Renounce Religion, Stomp, Line Pass


You were on level 1 of the Vaults.
You worshipped Uskayaw.
Uskayaw was most pleased with you.
You visited 7 branches of the dungeon, and saw 32 of its levels.
You also visited: Bailey.

You collected 4249 gold pieces.
You spent 4054 gold pieces at shops.

Inventory:

Hand Weapons
 a - the +9 staff of Olgreb {rPois∞}
   (You found it on level 11 of the Dungeon)

   It enhances your poison magic.
   It grants immunity to poison.
   It can be activated via the 'a'bility menu to radiate toxic energy, with
   effectiveness depending on Evocations skill.
Missiles
 h - 53 boomerangs (quivered)
 i - 10 javelins
 o - 13 atropa-tipped darts
 v - 23 poisoned darts
 x - 3 throwing nets
 J - 11 silver javelins
 R - 6 curare-tipped darts
 S - 4 silver boomerangs
Armour
 r - a +2 pair of boots (worn)
 t - a +2 helmet of intelligence (worn)
 D - a +1 pair of gloves (worn)
 F - a +0 kite shield of reflection (worn)
 H - a +0 cloak (worn)
 P - a +3 plate armour of willpower (worn)
 T - a +1 kite shield of cold resistance
Jewellery
 u - the ring "Qimutuoj" (right hand) {rPois Will+}
   (You found it on level 5 of the Lair of Beasts)

   [ring of poison resistance]

   rPois:     It protects you from poison.
   Will:      It increases your willpower.
 w - a ring of see invisible
 C - a +6 ring of strength (left hand)
 K - a ring of willpower
 N - a ring of protection from fire
 U - an amulet of faith (around neck)
Wands
 c - a wand of polymorph (7)
 E - a wand of charming (19)
 I - a wand of roots (8)
 V - a wand of mindburst (20)
 Z - a wand of quicksilver (10)
Scrolls
 d - 7 scrolls of fog
 f - 9 scrolls of blinking
 p - a scroll of revelation
 z - 9 scrolls of teleportation
 W - 2 scrolls of summoning
 X - 3 scrolls of fear
 Y - a scroll of silence
Potions
 e - 22 potions of curing
 g - 8 potions of invisibility
 j - 4 potions of magic
 k - 3 potions of mutation
 l - 5 potions of might
 m - 7 potions of enlightenment
 n - 11 potions of haste
 q - 5 potions of brilliance
 s - 5 potions of heal wounds
 y - a potion of resistance
 A - 7 potions of ambrosia
 O - 4 potions of cancellation
 Q - 2 potions of berserk rage
Miscellaneous
 b - a tin of tremorstones (2/2)
 B - a lightning rod (4/4)
 G - a phial of floods (inert)
 L - a phantom mirror
 M - a piece from Xom's chessboard (15/15)


   Skills:
 - Level 20.0 Fighting
 - Level 8.0 Throwing
 - Level 14.2 Armour
 - Level 5.0 Dodging
 - Level 10.0 Shields
 + Level 20.9 Unarmed Combat
 - Level 1.5 Spellcasting
 - Level 1.3 Transmutations
 - Level 16.0 Invocations
 - Level 12.0 Evocations


You had 21 spell levels left.
You knew the following spells:

 Your Spells              Type           Power      Damage    Failure   Level
a - Beastly Appendage     Tmut           10%        N/A       77%         1

Your spell library contained the following spells:

 Spells                   Type           Power      Damage    Failure   Level
 Sting                    Tmut/Pois      12%        1d3       86%         1
 Wereblood                Tmut           5%         N/A       88%         2
 Apportation              Tloc           2%         N/A       92%         1
 Foxfire                  Conj/Fire      4%         2x1d4     92%         1
 Magic Dart               Conj           4%         1d3       92%         1
 Necrotise                Necr           4%         1d4       92%         1
 Sandblast                Erth           2%         2d4       92%         1
 Shock                    Conj/Air       4%         1d3       92%         1
 Summon Small Mammal      Summ           4%         N/A       92%         1
 Passwall                 Tmut/Erth      2%         N/A       94%         2
 Blink                    Tloc           2%         N/A       98%         2
 Call Imp                 Summ           2%         N/A       98%         2
 Lesser Beckoning         Tloc           2%         N/A       98%         2
 Momentum Strike          Conj/Tloc      2%         3d8       98%         2
 Poisonous Vapours        Pois/Air       2%         N/A       98%         2
 Spider Form              Tmut/Pois      3%         N/A       99%         3
 Call Canine Familiar     Summ           1%         N/A       100%        3
 Mephitic Cloud           Conj/Pois/Air  1%         N/A       100%        3
 Ozocubu's Armour         Ice            1%         N/A       100%        3
 Portal Projectile        Hex/Tloc       2%         N/A       100%        3
 Stone Arrow              Conj/Erth      2%         3d7       100%        3
 Summon Guardian Golem    Hex/Summ       1%         N/A       100%        3
 Swiftness                Air            1%         N/A       100%        3
 Vampiric Draining        Necr           1%         2d6       100%        3
 Airstrike                Air            0%         2d(1-17)  100%        4
 Anguish                  Hex/Necr       0%         N/A       100%        4
 Cause Fear               Hex            0%         N/A       100%        4
 Ice Form                 Ice/Tmut       3%         N/A       100%        4
 Leda's Liquefaction      Hex/Erth       0%         N/A       100%        4
 Manifold Assault         Tloc           1%         N/A       100%        4
 Olgreb's Toxic Radiance  Pois           1%         N/A       100%        4
 Agony                    Necr           1%         N/A       100%        5
 Alistair's Intoxication  Tmut/Pois      2%         N/A       100%        5
 Borgnjor's Vile Clutch   Necr/Erth      0%         N/A       100%        5
 Fireball                 Conj/Fire      0%         3d3       100%        5
 Metabolic Englaciation   Hex/Ice        0%         N/A       100%        5
 Eringya's Noxious Bog    Tmut/Pois      1%         N/A       100%        6
 Plasma Beam              Fire/Air       0%         2x1d10    100%        6
 Simulacrum               Ice/Necr       0%         N/A       100%        6
 Starburst                Conj/Fire      0%         6d3       100%        6
 Dragon Form              Tmut           2%         N/A       100%        7
 Enfeeble                 Hex            0%         N/A       100%        7
 Haunt                    Necr/Summ      0%         N/A       100%        7
 Orb of Destruction       Conj           0%         9d5       100%        7
 Spellforged Servitor     Conj/Summ      0%         N/A       100%        7
 Storm Form               Tmut/Air       1%         N/A       100%        7
 Dragon's Call            Summ           0%         N/A       100%        9


Dungeon Overview and Level Annotations

Branches:
Dungeon (15/15)            Temple (1/1) D:5            Lair (5/5) D:10
 Shoals (4/4) Lair:3        Snake (4/4) Lair:2        Slime (0/5) Lair:4
    Orc (2/2) D:9             Elf (0/3) Orc:2        Vaults (1/5) D:13
 Depths (0/4) D:15         Bailey (visited)

Altars:
Ashenzari
Cheibriados
Dithmenos
Elyvilon
Fedhas
Gozag
Hepliaklqana
Kikubaaqudgha
Makhleb
Nemelex Xobeh
Okawaru
Qazlal
Ru
Sif Muna
Trog
Uskayaw
Vehumet
Wu Jian
Xom
Yredelemnul
Zin
The Shining One

Shops:
D:15 !   Orc:1 :   Orc:2 (:?*   Shoals:3 *   Snake:2 *(!   Vaults:1 !

Portals:
Pandemonium: Orc:2

Annotations:
D:10 3 runed translucent doors, rinse's ghost, journeyman VSBr
D:11 1 runed translucent door
Lair:1 exclusion: oklob plant


Message History

The vault warden hits you but does no damage.
You punch the vault warden!
The vault warden is severely wounded.
The vault warden hits you with a +1 vampiric war axe!!
* * * LOW HITPOINT WARNING * * *
You block the ironbound convoker's attack.
Unknown command.
You stomp with the beat, sending a shockwave through the revellers around you!
The vault warden is almost dead.
The ironbound convoker is moderately wounded.
The vault warden barely misses you.
Unknown command.
You feel much better.
The vault warden hits you with a +1 vampiric war axe!
* * * LOW HITPOINT WARNING * * *
The vault warden draws strength from your wounds!
The ironbound convoker points at the ironbound preserver and mumbles some strange words.
The ironbound preserver seems to grow stronger.
You stomp with the beat, sending a shockwave through the revellers around you!
The vault warden is severely wounded.
The ironbound convoker is heavily wounded.
The ironbound preserver is heavily wounded.
The vault warden hits you with a +1 vampiric war axe!
* * * LOW HITPOINT WARNING * * *
The vault warden draws strength from your wounds!
The ironbound preserver hits you with a +0 great mace!!
* * * LOW HITPOINT WARNING * * *
The ironbound convoker hits you but does no damage.
Unknown command.
You feel much better. The vault warden barely misses you.
You block the ironbound preserver's attack.
The ironbound convoker hits you with a +0 dire flail!
* * * LOW HITPOINT WARNING * * *
Unknown command.
You stomp with the beat, sending a shockwave through the revellers around you!
The vault warden is severely wounded.
The ironbound convoker is almost dead.
The ironbound preserver is severely wounded.
The vault warden hits you with a +1 vampiric war axe!!
You die...

##...## #....'.......
#.....# #....########
...(. #....# ... #....#
#'# #....# #.# #....# #.#
#....#
########+#####....########
.........@p...............
.........pp)..............
##########################


You could see an ironbound preserver (strong), a vault warden (strong) and an
ironbound convoker.

Vanquished Creatures
  Saint Roka (Snake:4)
  Vashnia (Snake:3)
  Nikola (Shoals:3)
  Polyphemus (Shoals:3)
  Agnes (Snake:4)
  Donald (Vaults:1)
  3 nagarajas
  A frost giant (Shoals:4)
  An orc warlord (Vaults:1)
  Louise (Shoals:2)
  Aizul (Snake:4)
  An ironbound preserver (Vaults:1)
  An ironbound thunderhulk (Vaults:1)
  4 merfolk javelineers (Shoals:4)
  Josephine (Lair:5)
  11 merfolk impalers
  3 hydras
  3 vault guards
  3 salamander tyrants
  2 peacekeepers (Vaults:1)
  An ironbound frostheart (Vaults:1)
  5 catoblepae
  5 boulder beetles
  2 alligator snapping turtles
  3 merfolk avatars
  12 anacondas
  7 centaur warriors
  2 death knights (D:14)
  14 naga warriors
  8 merfolk aquamancers
  2 tengu warriors (D:14)
  3 two-headed ogres
  7 death yaks
  7 orc high priests
  14 naga sharpshooters
  12 shock serpents
  13 skeletal warriors
  A sixfirhy (Orc:2)
  3 skysharks
  6 salamander mystics
  5 naga ritualists
  6 deep trolls
  A kraken simulacrum (Shoals:4)
  2 tengu zombies (D:15)
  19 sea snakes
  24 harpies
  4 lindwurms (Snake:4)
  Pikel (D:5)
  2 phantasmal warriors
  A wizard (Vaults:1)
  4 necromancers
  7 orc knights
  3 wolf spiders
  2 fauns (Shoals:1)
  10 mana vipers
  9 orc sorcerers
  16 ugly things
  16 manticores
  3 cyclopes
  20 salamanders
  9 guardian serpents (Snake:4)
  A moth of wrath (Lair:5)
  7 elephants
  40 black mambas
  A rust devil (Orc:2)
  7 merfolk sirens
  15 naga magi
  Joseph (D:8)
  A vault sentinel (Vaults:1)
  5 water nymphs
  2 fire giant skeletons (D:15)
  A gargoyle (D:11)
  A smoke demon (Orc:2)
  A torpor snail (Lair:5)
  9 cane toads
  A kobold demonologist (D:14)
  An unseen horror (D:11)
  3 rime drakes
  An efreet (D:15)
  An ice devil (Orc:2)
  8 komodo dragons
  A yaktaur (Snake:1)
  2 freezing wraiths
  A red devil (Orc:2)
  31 merfolk
  A queen bee (D:12)
  2 polar bears (Lair:5)
  3 meliai (D:12)
  5 wind drakes
  21 blink frogs
  4 trolls
  Grinder (D:3)
  7 hornets
  Prince Ribbit (Bailey)
  4 dream sheep
  13 slime creatures
  9 snapping turtles
  A centaur simulacrum (D:15)
  A shadow (D:10)
  47 yaks
  14 water elementals
  7 wyverns
  8 wraiths
  Eustachio (D:6)
  25 humans
  10 basilisks
  Grum (D:8)
  7 redbacks (D:11)
  4 steam dragons
  Menkaure (D:5)
  6 vampire mosquitoes
  4 wargs
  37 nagas
  4 swamp worms (Lair:5)
  An acid dragon (D:12)
  18 water moccasins
  An ice beast (D:6)
  33 orc warriors
  A sky beast (D:7)
  4 black bears
  17 wolves
  3 ogres
  18 centaurs
  A lemure (D:5)
  2 phantoms (D:5)
  2 kobold brigands (D:9)
  15 bullfrogs
  4 scorpions
  12 wights
  30 killer bees
  An electric eel (Lair:3)
  2 howler monkeys (D:7)
  Crazy Yiuf (D:6)
  3 hounds
  A sleepcap (D:5)
  2 jellies
  29 orc priests
  An iron imp (D:6)
  Jessica (D:2)
  13 iguanas
  11 orc wizards
  10 gnolls
  13 adders
  3 ufetubi
  A worm (D:3)
  3 dart slugs (D:3)
  83 orcs
  5 bats
  8 endoplasms
  A giant cockroach (D:2)
  12 goblins
  8 hobgoblins
  3 jackals (D:3)
  4 ball pythons
  7 frilled lizards
  10 kobolds
  7 rats
  2 tentacles (Shoals:4)
1131 creatures vanquished.

Vanquished Creatures (collateral kills)
  A wind drake (Lair:5)
1 creature vanquished.

Vanquished Creatures (others)
  A snapping turtle (Shoals:3)
  A naga (Snake:4)
  A tentacle (Shoals:4)
3 creatures vanquished.

Grand Total: 1135 creatures vanquished

Notes
Turn   | Place    | Note
-------+----------+-------------------------------------------
     0 | D:1      | Midn8 the Hill Orc Transmuter began the quest for the Orb.
     0 | D:1      | Reached XP level 1. HP: 16/16 MP: 3/3
   273 | D:1      | Reached XP level 2. HP: 21/23 MP: 2/4
   859 | D:1      | Reached XP level 3. HP: 25/28 MP: 3/5
  1675 | D:2      | Found a faded altar of an unknown god.
  1855 | D:2      | Reached skill level 5 in Unarmed Combat
  1895 | D:2      | Noticed Jessica
  1913 | D:2      | Killed Jessica
  1914 | D:2      | Reached XP level 4. HP: 25/35 MP: 6/6
  2284 | D:3      | Noticed Grinder
  2300 | D:3      | Paralysed by Grinder for 5 turns
  2308 | D:3      | Killed Grinder
  2309 | D:3      | Reached XP level 5. HP: 9/46 MP: 5/7
  2309 | D:3      | Reached XP level 6. HP: 11/52 MP: 5/8
  2551 | D:3      | Got Vulevagu's Folio of the Dark Shapeshifter
  3542 | D:4      | Reached XP level 7. HP: 57/59 MP: 9/9
  3944 | D:4      | Found an opulent altar of Gozag.
  4254 | D:5      | Entered Level 5 of the Dungeon
  4315 | D:5      | Reached skill level 5 in Fighting
  4436 | D:5      | Identified the +9 quarterstaff "Rusoad" {drain, Dex+5}
  4522 | D:5      | Reached skill level 1 in Throwing
  4624 | D:5      | Noticed Menkaure
  4655 | D:5      | Reached XP level 8. HP: 54/70 MP: 8/10
  4815 | D:5      | Killed Menkaure
  4967 | D:5      | Noticed Pikel
  5029 | D:5      | Killed Pikel
  5270 | D:5      | Reached skill level 10 in Unarmed Combat
  5322 | D:5      | Reached XP level 9. HP: 61/77 MP: 9/11
  5409 | D:5      | Found a staircase to the Ecumenical Temple.
  5518 | Temple   | Entered the Ecumenical Temple
  5609 | Temple   | Became a worshipper of Uskayaw the Reveller
  6035 | D:6      | Reached * piety under Uskayaw
  6332 | D:6      | Reached ** piety under Uskayaw
  6336 | D:6      | Reached *** piety under Uskayaw
  6379 | D:6      | Noticed Eustachio
  6401 | D:6      | Killed Eustachio
  6402 | D:6      | Reached skill level 1 in Invocations
  6646 | D:6      | Found a snail-covered altar of Cheibriados.
  6901 | D:6      | Found a runed translucent door.
  6902 | D:6      | Noticed Crazy Yiuf
  6909 | D:6      | Killed Crazy Yiuf
  7130 | D:7      | Found a broken altar of Ashenzari.
  7133 | D:7      | Found an iron altar of Okawaru.
  7136 | D:7      | Found a white marble altar of Elyvilon.
  7149 | D:7      | Found a blossoming altar of Fedhas.
  7233 | D:7      | Reached skill level 5 in Invocations
  7355 | D:7      | Reached skill level 1 in Armour
  7369 | D:7      | Reached **** piety under Uskayaw
  7441 | D:7      | Reached ***** piety under Uskayaw
  7442 | D:7      | Reached skill level 5 in Armour
  7448 | D:7      | Reached ****** piety under Uskayaw
  7736 | D:7      | Reached XP level 10. HP: 83/84 MP: 14/14
  7999 | D:8      | Noticed Joseph
  8022 | D:8      | Killed Joseph
  8199 | D:8      | Found a flagged portal.
  8325 | Bailey   | Entered a bailey
  8511 | Bailey   | Noticed Prince Ribbit
  8526 | Bailey   | Killed Prince Ribbit
  8532 | Bailey   | Noticed a vault guard
  8554 | Bailey   | Killed a vault guard
  8636 | Bailey   | Noticed a vault guard
  8651 | Bailey   | Killed a vault guard
  8652 | Bailey   | Reached skill level 10 in Fighting
  8652 | Bailey   | Reached XP level 11. HP: 99/99 MP: 17/17
  9206 | D:8      | Noticed Grum
  9244 | D:8      | Killed Grum
 10145 | D:9      | Found a staircase to the Orcish Mines.
 11230 | D:10     | Entered Level 10 of the Dungeon
 11267 | D:10     | Reached skill level 1 in Shields
 11277 | D:10     | Noticed a two-headed ogre
 11290 | D:10     | Killed a two-headed ogre
 11302 | D:10     | Reached skill level 5 in Shields
 11326 | D:10     | Found a staircase to the Lair.
 11688 | D:10     | Reached XP level 12. HP: 101/106 MP: 18/18
 11805 | D:10     | Identified the +0 chain mail of the Sun {Harm Will+ Dex+3}
 11997 | D:10     | Found a runed translucent gate.
 11999 | D:10     | Found a runed translucent gate.
 11999 | D:10     | Found a runed translucent gate.
 12002 | D:10     | Noticed rinse's ghost (journeyman VSBr)
 12398 | Lair:1   | Entered Level 1 of the Lair of Beasts
 13189 | Lair:1   | Reached skill level 10 in Invocations
 13404 | Lair:2   | Noticed a death yak
 13404 | Lair:2   | Noticed a death yak
 13404 | Lair:2   | Noticed a death yak
 13404 | Lair:2   | Noticed a death yak
 13417 | Lair:1   | Killed a death yak
 13555 | Lair:2   | Noticed a catoblepas
 13997 | Lair:2   | Killed a death yak
 14197 | Lair:2   | Killed a catoblepas
 14278 | Lair:2   | Found a staircase to the Snake Pit.
 14458 | Lair:2   | Reached XP level 13. HP: 118/118 MP: 22/22
 14543 | Lair:2   | Paralysed by a hornet for 3 turns
 14908 | Lair:3   | Found a staircase to the Shoals.
 16547 | Lair:4   | Reached skill level 15 in Unarmed Combat
 16859 | Lair:4   | Reached skill level 5 in Throwing
 16992 | Lair:4   | Found a staircase to the Slime Pits.
 17852 | Lair:5   | Entered Level 5 of the Lair of Beasts
 17861 | Lair:5   | Noticed Josephine
 17869 | Lair:5   | Killed Josephine
 17915 | Lair:5   | Reached XP level 14. HP: 121/132 MP: 23/23
 18583 | Lair:5   | Reached XP level 15. HP: 111/138 MP: 24/24
 19153 | Lair:5   | Reached skill level 10 in Armour
 19471 | Lair:5   | Identified the ring "Qimutuoj" {rPois Will+}
 19609 | Lair:5   | Identified the +3 trident of the Pyrrhic Victory {flame,
                  | Stlth+}
 20499 | D:11     | Found the +9 staff of Olgreb {rPois∞}
 20502 | D:11     | Found a runed translucent door.
 20510 | D:11     | Found a runed translucent gate.
 20510 | D:11     | Found a runed translucent gate.
 20511 | D:11     | Found a runed translucent door.
 20522 | D:11     | Found a runed translucent gate.
 21146 | D:11     | Reached skill level 1 in Evocations
 21528 | D:12     | Reached skill level 5 in Evocations
 21604 | D:12     | You fall into a shaft and drop 3 floors!
 21604 | D:15     | Entered Level 15 of the Dungeon
 22059 | D:14     | Found a gate leading to a gauntlet.
 23478 | D:13     | Reached XP level 16. HP: 119/146 MP: 17/25
 24521 | D:13     | Identified a scroll of acquirement
 24756 | D:13     | Acquired 1171 gold pieces
 24765 | D:13     | Found a gate to the Vaults.
 25040 | Orc:1    | Entered Level 1 of the Orcish Mines
 25088 | Orc:2    | Entered Level 2 of the Orcish Mines
 25225 | Orc:1    | Found Gewaware's Book Shop.
 25480 | Orc:2    | Found a staircase to the Elven Halls.
 25491 | Orc:2    | Reached skill level 15 in Fighting
 25702 | Orc:2    | Found Liov's General Store.
 25704 | Orc:2    | Found Kosy's Magic Scroll Boutique.
 25886 | Orc:2    | Bought a scroll of identify for 26 gold pieces
 25886 | Orc:2    | Bought a scroll of identify for 26 gold pieces
 25886 | Orc:2    | Bought a scroll of identify for 26 gold pieces
 25886 | Orc:2    | Bought a scroll of identify for 26 gold pieces
 25886 | Orc:2    | Bought a scroll of blinking for 97 gold pieces
 26412 | Orc:2    | Found Rain's Antique Weapon Shoppe.
 26412 | Orc:2    | Found a one-way gate leading to the halls of Pandemonium.
 26412 | Orc:2    | Found Jysekucs's Book Emporium.
 26720 | Orc:2    | Noticed Sonja
 26722 | Orc:2    | Sonja changed into Sonja the black bear
 26722 | Orc:2    | Noticed Sonja
 26727 | Orc:2    | Killed Sonja the black bear
 27276 | Shoals:1 | Entered Level 1 of the Shoals
 28590 | Shoals:2 | Found Putoomne's Magic Scroll Shop.
 28952 | Shoals:2 | Reached XP level 17. HP: 142/163 MP: 20/27
 29083 | Shoals:2 | Noticed Louise
 29110 | Shoals:2 | Killed Louise
 29867 | Shoals:2 | Reached skill level 10 in Evocations
 30207 | Shoals:3 | Noticed Polyphemus
 30215 | Shoals:3 | Killed Polyphemus
 31204 | Shoals:3 | Noticed Nikola
 31223 | Shoals:3 | Killed Nikola
 31646 | Shoals:3 | Found Reykhorch's Assorted Antiques.
 31668 | Shoals:3 | Bought a tin of tremorstones (2/2) for 1160 gold pieces
 31668 | Shoals:3 | Bought a wooden ring for 145 gold pieces
 31668 | Shoals:3 | Bought a wand of roots (4) for 278 gold pieces
 31668 | Shoals:3 | Bought a wand of mindburst (10) for 406 gold pieces
 32119 | Shoals:4 | Entered Level 4 of the Shoals
 34273 | Shoals:4 | Reached XP level 18. HP: 172/172 MP: 28/28
 34572 | Shoals:4 | Got a barnacled rune of Zot
 35087 | Snake:1  | Entered Level 1 of the Snake Pit
 35247 | Lair:2   | Reached skill level 5 in Dodging
 37931 | Snake:2  | Found Jesul's Distillery.
 37931 | Snake:2  | Found Guozalum's Antique Weapon Shop.
 38241 | Snake:2  | Bought a potion of curing for 39 gold pieces
 38241 | Snake:2  | Bought a potion of ambrosia for 104 gold pieces
 38241 | Snake:2  | Bought a potion of heal wounds for 65 gold pieces
 38241 | Snake:2  | Bought a potion of resistance for 130 gold pieces
 38241 | Snake:2  | Bought a potion of enlightenment for 65 gold pieces
 38241 | Snake:2  | Bought a potion of berserk rage for 65 gold pieces
 38241 | Snake:2  | Bought 2 potions of curing for 78 gold pieces
 38241 | Snake:2  | Bought a potion of ambrosia for 104 gold pieces
 39028 | Snake:2  | Found Bulitucs's General Store.
 39031 | Snake:2  | Bought a potion of might for 52 gold pieces
 39031 | Snake:2  | Bought a throwing net for 39 gold pieces
 39031 | Snake:2  | Bought a potion of haste for 130 gold pieces
 39427 | Snake:3  | Reached skill level 15 in Invocations
 39616 | Snake:3  | Noticed Vashnia
 39932 | Snake:3  | Killed Vashnia
 39950 | Snake:3  | HP: 8/172 [naga sharpshooter/arrow[Vashnia] (11)]
 40680 | Snake:3  | Identified the +2 leather armour of the Untouchables
                  | {Int+2}
 40825 | Snake:3  | Reached XP level 19. HP: 145/179 MP: 31/31
 41234 | Snake:4  | Entered Level 4 of the Snake Pit
 41267 | Snake:4  | Noticed Agnes
 41286 | Snake:4  | Killed Agnes
 42199 | Snake:4  | Noticed Saint Roka
 42227 | Snake:4  | Killed Saint Roka
 42382 | Snake:4  | Noticed Aizul
 42398 | Snake:4  | Killed Aizul
 44058 | Snake:4  | Reached skill level 10 in Shields
 44079 | Snake:4  | Got a serpentine rune of Zot
 45346 | D:15     | Found Wyahiles's Distillery.
 45398 | D:15     | Bought a potion of curing for 51 gold pieces
 45398 | D:15     | Bought a potion of heal wounds for 85 gold pieces
 45398 | D:15     | Bought a potion of haste for 170 gold pieces
 45398 | D:15     | Bought 2 potions of curing for 102 gold pieces
 45460 | D:15     | Found a staircase to the Depths.
 46441 | Vaults:1 | Entered Level 1 of the Vaults
 46575 | Vaults:1 | Reached XP level 20. HP: 179/193 MP: 32/32
 46619 | Vaults:1 | Noticed Donald
 46644 | Vaults:1 | Killed Donald
 46802 | Vaults:1 | Found Fupsyvith's Distillery.
 47083 | Vaults:1 | Bought a potion of haste for 130 gold pieces
 47083 | Vaults:1 | Bought a potion of heal wounds for 65 gold pieces
 47083 | Vaults:1 | Bought a potion of haste for 130 gold pieces
 47083 | Vaults:1 | Bought a potion of curing for 39 gold pieces
 47083 | Vaults:1 | Bought a potion of haste for 130 gold pieces
 47083 | Vaults:1 | Bought a potion of curing for 39 gold pieces
 47083 | Vaults:1 | Bought a potion of might for 52 gold pieces
 47494 | Vaults:1 | HP: 4/193 [ironbound preserver/+0 great mace[a vault
                  | warden] (22)]
 47496 | Vaults:1 | Mangled by a vault warden

Illustrated notes

Levels and vault maps discovered:
D:1:      minmay_arrival_stair_chambers, layout_basic, roderic_lattice_a
D:2:      kennysheep_big_flooded_room, layout_rooms,
          shapermc_ecumenical_altar_ellora, uniq_jessica
D:3:      layout_loops_corners, uniq_grinder
D:4:      layout_gridville, kennysheep_diamond
D:5:      nicolae_cairo_tiling_very_big, layout_cave_pools,
          kennysheep_cross_bottleneck, minmay_manual_macuahuitl, uniq_menkaure,
          uniq_pikel
D:6:      layout_loops_ring, chei_slow_surprise, minmay_misc_feat_plants,
          uniq_crazy_yiuf_cottage, uniq_eustachio
D:7:      layout_loops_ring, grunt_temple_overflow_cloverleaf
D:8:      layout_basic, serial_glass, glass_columns_c, glass_columns_a,
          glass_columns_a, glass_columns_a, glass_columns_a, enter_bailey_3,
          uniq_grum, uniq_joseph
D:9:      layout_loops_ring, erik_orc_4, minmay_lizard_king
D:10:     layout_basic, minmay_lair_entry_grove, gammafunk_ghost_necromancy,
          grunt_decor_junction, lemuel_flamethrower_2
D:11:     layout_irregular_city, serial_column_ruins,
          column_ruins_columns_water, column_ruins_open_tiny,
          column_ruins_grid_1, column_ruins_open_small_water,
          minmay_guarded_unrand_staff_of_olgreb
D:12:     layout_roguey [special_room_bee]
D:13:     layout_loops_cross, grunt_vaults_entry_tiered
D:14:     layout_roguey, gauntlet_entry_generic
D:15:     gammafunk_depths_entry_grave, layout_small_grid, serial_shops, shop,
          hangedman_glass_teeth, grunt_ministairs_1
Temple:   minmay_crystal_spiral_temple
Lair:1:   minmay_lair_oklob_tunnel, layout_hall_layers,
          chequers_serial_rivers_marsh, st_stairs_5, infiniplex_staircase_pool_2
Lair:2:   minmay_lair_venomous_thicket, layout_cave_shapes,
          nicolae_snake_entry_squirm, special_room, st_stairs_8
Lair:3:   layout_gridlike, elwin_shoals_entry_rooms, serial_bayou_lagoon_b
Lair:4:   layout_layer_cave, dpeg_slime_entry_enclosed, beast_lair_carwin_2
Lair:5:   gammafunk_lair_ancient_temple, layout_regular_city, worms_lemuel,
          uniq_josephine
Shoals:1: layout_shoals
Shoals:2: layout_shoals, serial_shops, nicolae_shop_behind_doors, uniq_louise
Shoals:3: layout_shoals, serial_shops, nicolae_shop_advertising_works
          [nicolae_subvault_shop_adworks], uniq_polyphemus, uniq_nikola
Shoals:4: shoals_end_grunt_ice, layout_shoals, nicolae_shoals_elemental_ambush
Snake:1:  layout_layer_cave
Snake:2:  layout_misc_corridors, serial_shops, nicolae_shop_trees,
          grunt_megastairs_5, minmay_shoptagon
Snake:3:  layout_grid_shapes, uniq_vashnia
Snake:4:  snake_pit_salamanders_mu, layout_gridlike, uniq_agnes, uniq_aizul,
          uniq_saint_roka
Orc:1:    layout_diamond_mine, serial_shops, shop
Orc:2:    pf_orc_diabolical, layout_caves, uniq_sonja
Vaults:1: nicolae_vaults_big_angled_halls, grunt_vaults_funnel,
          nicolae_vaults_specimen_jars, vaults_dpeg_encased_lava,
          grunt_vaults_twisty, nicolae_vaults_shipping_containers_4,
          vaults_dpeg_emergency_exit, nicolae_vaults_little_ls,
          nicolae_vaults_sesquioval_fish, nicolae_vaults_more_shelving_1,
          ontoclasm_vaults_eye, layout_vaults_omnigrid, serial_shops, shop,
          uniq_donald

Skill      XL: |  1  2  3  4  5  6  7  8  9 10 11 12 13 14 15 16 17 18 19 |
---------------+----------------------------------------------------------+-----
Unarmed Combat | 4 5 6 7 8 10 12 14 15 16 17 19 20 | 20.9
Fighting       | 4 6 8 10 12 14 18 20 | 20.0
Throwing       | 2 4 6 7 8 |  8.0
Invocations    | 6 9 12 14 16 | 16.0
Armour         | 5 6 7 9 11 14 | 14.2
Shields        | 5 7 10 | 10.0
Evocations     | 8 12 | 12.0
Dodging        | 2 5 |  5.0
Spellcasting   | |  1.5
Transmutations | |  1.3

Action                     |  1- 3 |  4- 6 |  7- 9 | 10-12 | 13-15 | 16-18 | 19-21 || total
---------------------------+-------+-------+-------+-------+-------+-------+-------++-------
  Melee: Unarmed           |    80 |    94 |   272 |   910 |   905 |   977 |   576 ||  3814
         Kick              |     9 |    28 |    41 |       |       |       |       ||    78
         Headbutt          |     8 |    15 |    30 |       |       |       |       ||    53
         Punch             |     3 |     4 |    16 |    31 |       |       |       ||    54
         Staff             |       |       |       |       |     7 |   281 |    29 ||   317
   Fire: Sling             |    12 |       |       |       |       |       |       ||    12
  Throw: Dart              |       |       |       |     5 |       |       |       ||     5
         Boomerang         |       |       |       |       |     1 |    44 |    11 ||    56
         Javelin           |       |       |       |       |       |     6 |       ||     6
   Cast: Beastly Appendage |    18 |    19 |    30 |       |       |       |       ||    67
 Invoke: Line Pass         |       |       |       |     1 |       |       |       ||     1
         Stomp             |       |       |       |     2 |       |    21 |    13 ||    36
         Grand Finale      |       |       |       |       |       |     4 |       ||     4
Ability: Evoke the Staff o |       |       |       |       |    14 |   199 |    29 ||   242
  Evoke: Wand              |       |       |       |     1 |     1 |     6 |     2 ||    10
         Tin of tremorston |       |       |       |       |       |     2 |     1 ||     3
         Lightning rod     |       |       |       |       |       |     3 |       ||     3
         Phial of floods   |       |       |       |       |       |       |     1 ||     1
    Use: Potion            |     1 |       |       |     2 |     4 |     4 |     2 ||    13
         Scroll            |       |    10 |     5 |     7 |     9 |     7 |     1 ||    39
   Stab: Distracted        |       |       |     1 |       |       |       |       ||     1
         Paralysed         |       |       |     6 |    46 |    82 |   110 |    67 ||   311
         Petrified         |       |       |       |    10 |       |       |       ||    10
         Petrifying        |       |       |       |     1 |       |       |       ||     1
         Invisible         |       |       |       |       |     4 |       |       ||     4
         Betrayed ally     |       |       |       |       |     1 |       |       ||     1
 Armour: Robe              |    23 |    18 |    34 |       |       |       |       ||    75
         Skin              |     3 |       |       |     6 |     2 |       |       ||    11
         Chain mail        |       |       |    48 |   480 |   488 |   225 |       ||  1241
         Plate armour      |       |       |       |       |       |   558 |   301 ||   859
  Dodge: Dodged            |    45 |    33 |   117 |   257 |   212 |   363 |   150 ||  1177
  Block: Kite shield       |       |       |       |   169 |   367 |   619 |   255 ||  1410
         Reflection        |       |       |       |       |       |       |     1 ||     1

Table legend: (Time is in decaauts)
 A = Elapsed time spent in this place.
 B = Non-inter-level travel time spent in this place.
 C = Inter-level travel time spent in this place.
 D = Time resting spent in this place.
 E = Time spent auto-exploring this place.
 F = Levels seen in this place.
 G = Mean time per level.
                   A        B        C        D        E       F      G
               +--------+--------+--------+--------+--------+-----+--------+
         Total |  48410 |  46344 |   2066 |  17185 |  17698 |  33 | 1467.0 |
       Dungeon |  19064 |  18152 |    912 |   4970 |   9046 |  15 | 1270.9 |
        Temple |    176 |     91 |     85 |      0 |      0 |   1 |  176.0 |
          Lair |   8915 |   8439 |    476 |   2485 |   3218 |   5 | 1783.0 |
        Shoals |   7884 |   7708 |    176 |   4272 |   1612 |   4 | 1971.0 |
     Snake Pit |   8710 |   8423 |    287 |   4262 |   2461 |   4 | 2177.5 |
  Orcish Mines |   2193 |   2066 |    127 |    659 |    887 |   2 | 1096.5 |
        Vaults |   1023 |   1023 |      0 |    377 |    472 |   1 | 1023.0 |
        Bailey |    442 |    442 |      0 |    158 |      0 |   1 |  442.0 |
               +--------+--------+--------+--------+--------+-----+--------+

Top non-repeatable levels by time:
 Snake:4: 2992 daAuts
Shoals:4: 2546 daAuts
  Lair:5: 2379 daAuts
Shoals:3: 2361 daAuts
 Snake:1: 2144 daAuts
 Snake:2: 2095 daAuts
    D:13: 2038 daAuts
  Lair:2: 1997 daAuts
   Orc:2: 1852 daAuts
  Lair:3: 1799 daAuts
     D:8: 1769 daAuts
Shoals:2: 1767 daAuts
  Lair:4: 1662 daAuts
    D:10: 1513 daAuts
 Snake:3: 1478 daAuts
